Map: Sanctuary III LE

Players

Lambo - Winner!

  • Race: Zerg Zerg
  • Spawn Location: 1:00

Harstem

  • Race: Protoss Protoss
  • League: Grandmaster
  • Spawn Location: 7:00

Event: HomeStory Cup XXIX

VOD

Have the link to the VOD?

Description

Time

  • Played on: July 5, 2026, 8:13 a.m.
  • Length: 20:51

All games in this series

Show
View Real Time Build Order
Export as new Build Order

Lambo Zerg - Winner!

Build Orders: Hatch First 

Get SALT Encoding   

  8  0:00  Drone  
  9  0:11  Drone  
  10  0:17  Drone  
  11  0:23  Drone  
  12  0:32  Overlord  
  12  0:39  Extractor  
  12  0:40  Drone  
  13  0:51  Drone x2  
  15  1:01  Drone  
  16  1:15  Hatchery  
  15  1:20  Drone  
  15  1:22  Drone  
  17  1:31  Drone  
  18  1:36  Extractor  
  17  1:41  Spawning Pool  
  17  1:46  Drone  
  17  1:51  Drone  
  18  2:02  Drone  
  19  2:11  Overlord  
  19  2:22  Drone  
  20  2:28  Queen  
  20  2:29  Queen  
  24  2:32  Drone  
  25  2:38  Metabolic Boost  
  25  2:41  Drone  
  26  2:44  Zergling x2  
  26  2:48  Zergling x2  
  28  2:51  Drone  
  28  2:54  Drone  
  30  3:00  Drone, Overlord  
  31  3:08  Drone  
  32  3:17  Hatchery  
  31  3:20  Drone  
  31  3:26  Drone  
  33  3:28  Drone  
  33  3:30  Queen  
  36  3:35  Overlord  
  36  3:38  Drone  
  36  3:40  Drone x2  
  39  3:42  Drone  
  40  3:52  Overlord  
  40  3:53  Queen  
  40  3:55  Drone  
  43  3:57  Drone  
  43  4:00  Spore Crawler  
  43  4:02  Drone  
  44  4:03  Zergling x2  
  44  4:05  Drone  
  46  4:10  Queen  
  46  4:13  Zergling x2  
  49  4:17  Drone x2  
  49  4:22  Drone x3  
  52  4:26  Drone  
  52  4:27  Drone  
  54  4:35  Overlord  
  54  4:38  Spore Crawler  
  52  4:39  Zergling x6  
  54  4:46  Drone x3  
  54  4:47  Drone  
  54  4:50  Drone x2  
  60  4:53  Overlord  
  60  4:55  Drone x3  
  63  5:04  Overlord  
  63  5:05  Drone  
  63  5:06  Roach Warren  
  63  5:09  Drone x3  
  63  5:11  Overlord  
  63  5:12  Extractor  
  65  5:16  Lair  
  65  5:17  Drone  
  65  5:18  Drone  
  67  5:22  Drone x3  
  67  5:25  Drone x2  
  67  5:26  Extractor, Drone  
  67  5:27  Drone  
  73  5:31  Overlord  
  73  5:32  Overlord  
  72  5:36  Drone  
  72  5:37  Zergling x2  
  72  5:40  Zergling x8  
  78  5:43  Zergling x6  
  78  5:44  Extractor  
  78  5:46  Overlord  
  78  5:47  Zergling x2  
  79  5:52  Zergling x2  
  79  5:55  Roach  
  79  5:56  Roach  
  84  5:58  Evolution Chamber  
  84  6:03  Roach  
  85  6:06  Roach  
  85  6:07  Roach x4  
  93  6:12  Roach x3  
  93  6:13  Zergling x8  
  102  6:20  Zergling x2  
  102  6:22  Roach x2  
  109  6:28  Ravager  
  109  6:30  Zergling x2  
  111  6:35  Overlord  
  111  6:39  Zerg Melee Weapons Level 1, Overlord  
  110  6:42  Drone x5  
  110  6:46  Overlord  
  115  6:48  Glial Reconstitution, Hatchery  
  115  6:50  Overlord  
  115  6:52  Zergling x6  
  115  6:55  Overlord  
  115  7:03  Roach x5  
  115  7:08  Roach, Zergling x2  
  128  7:12  Pneumatized Carapace  
  128  7:13  Overlord  
  128  7:15  Overlord, Hatchery  
  127  7:30  Zergling x24  
  127  7:33  Spore Crawler  
  138  7:42  Zergling x12  
  138  7:43  Ravager x3  
  147  7:55  Roach  
  147  7:56  Roach x2, Overlord  
  147  7:58  Zergling x10  
  158  8:02  Zergling x2  
  158  8:03  Zergling x6  
  162  8:11  Roach x5  
  162  8:12  Queen  
  172  8:16  Zergling x2  
  175  8:25  Zergling x14  
  175  8:26  Queen  
  182  8:29  Roach x3  
  182  8:32  Zergling x6  
  183  8:43  Overlord  
  183  8:45  Zergling x10  
  187  8:53  Roach x3  
  187  8:54  Roach x4  
  187  8:55  Zergling x2  
  171  9:04  Zerg Melee Weapons Level 2  
  171  9:07  Zergling x18, Baneling Nest  
  171  9:09  Drone  
  179  9:13  Infestation Pit  
  179  9:16  Drone x4  
  182  9:19  Drone x3  
  182  9:22  Drone x2  
  182  9:25  Drone x3  
  182  9:29  Drone x3  
  187  9:31  Drone  
  187  9:40  Overlord  
  187  9:45  Extractor, Overlord  
  185  9:49  Hive  
  185  9:50  Drone x3  
  188  9:53  Overlord x2, Spine Crawler  
  188  9:57  Centrifugal Hooks  
  188  9:59  Drone x4  
  191  10:01  Extractor  
  191  10:05  Queen x2  
  194  10:10  Drone  
  194  10:11  Drone  
  194  10:12  Hydralisk Den  
  194  10:13  Zergling x16  
  199  10:35  Zergling x2  
  200  10:37  Overlord  
  200  10:38  Baneling  
  200  10:39  Baneling x28  
  200  10:42  Overlord  
  200  10:44  Overlord  
  200  10:45  Evolution Chamber  
  200  10:48  Baneling x6  
  199  10:52  Overlord  
  197  11:01  Zergling x6  
  196  11:22  Zergling x30  
  196  11:24  Zergling x10  
  199  11:32  Hydralisk x5  
  199  11:35  Muscular Augments  
  199  11:37  Zerg Missile Weapons Level 1  
  198  11:40  Baneling  
  198  11:41  Baneling x8  
  198  11:45  Zerg Melee Weapons Level 3  
  198  11:47  Drone  
  198  11:48  Spore Crawler  
  198  11:52  Baneling x6  
  198  11:55  Zergling x2  
  198  11:59  Hatchery  
  198  12:03  Adrenal Glands  
  198  12:11  Zergling x2  
  199  12:21  Viper  
  196  12:26  Extractor  
  190  12:30  Viper  
  190  12:33  Zergling x18  
  190  12:34  Extractor  
  199  12:38  Baneling x6  
  199  12:44  Drone  
  200  12:52  Lurker Den, Grooved Spines  
  199  13:03  Zergling x4  
  197  13:11  Zergling x12  
  197  13:16  Hydralisk x3  
  193  13:23  Overseer  
  186  13:29  Hydralisk x7  
  199  13:37  Overseer x3  
  199  13:42  Overseer  
  199  13:46  Zerg Missile Weapons Level 2  
  199  14:00  Extractor  
  199  14:01  Seismic Spines  
  198  14:04  Extractor, Overlord  
  198  14:05  Zergling x4  
  198  14:08  Overseer  
  199  14:19  Spire  
  199  14:22  Zerg Ground Armor Level 1  
  191  14:34  Zergling x18  
  198  14:42  Drone x11  
  198  14:45  Drone  
  190  14:49  Zergling x20  
  190  14:51  Unknown  
  200  14:56  Spine Crawler  
  200  14:59  Adaptive Talons  
  196  15:13  Hydralisk x5  
  189  15:20  Zergling x16  
  188  15:30  Zergling x20  
  196  15:44  Spine Crawler  
  196  15:49  Zergling x12  
  198  15:55  Hatchery  
  191  15:58  Zergling x18  
  198  16:08  Zergling x16  
  174  16:19  Zerg Missile Weapons Level 3  
  174  16:23  Zerg Flyer Weapons Level 1  
  174  16:30  Lurker  
  174  16:31  Lurker x19  
  194  16:37  Drone x2  
  194  16:38  Overseer  
  194  16:39  Overseer  
  196  16:46  Hatchery  
  196  16:47  Hydralisk x2  
  199  16:59  Overlord  
  198  17:13  Hatchery  
  197  17:18  Hydralisk  
  197  17:23  Overseer  
  192  17:31  Hydralisk  
  192  17:32  Hydralisk x4  
  198  17:39  Hydralisk x5  
  193  17:51  Hydralisk x4  
  183  17:58  Hydralisk x10  
  183  17:59  Hydralisk  
  183  18:00  Hydralisk x4  
  183  18:02  Overseer  
  183  18:03  Hydralisk x6  
  173  18:12  Overseer x3  
  162  18:17  Hydralisk  
  162  18:18  Zergling x8, Zerg Flyer Armor Level 1  
  168  18:26  Lurker x2  
  170  18:29  Drone x3  
  170  18:33  Zergling x12  
  174  18:39  Hatchery  
  174  18:40  Spine Crawler  
  172  18:43  Zergling x10  
  178  18:48  Spine Crawler  
  178  18:49  Baneling x3  
  176  18:55  Baneling  
  176  18:56  Baneling  
  176  19:00  Lurker x3  
  179  19:04  Drone x3, Hatchery  
  179  19:05  Drone  
  179  19:06  Drone x3  
  182  19:17  Zergling x14  
  186  19:29  Zergling x16  
  182  19:40  Hydralisk x4  
  182  19:43  Zergling x6  
  185  19:56  Overlord  
  182  20:02  Drone x2  
  182  20:06  Drone x3  
  167  20:08  Hydralisk x3  
  167  20:15  Hatchery  
  172  20:21  Hydralisk x2  
Show
View Real Time Build Order
Export as new Build Order

Harstem Protoss 

Build Orders: Oracle Opening 

Get SALT Encoding   

  8  0:00  Probe (Chrono Boost)  
  9  0:12  Probe (Chrono Boost)  
  10  0:17  Probe (Chrono Boost)  
  11  0:26  Probe  
  12  0:33  Pylon  
  12  0:38  Probe  
  13  0:51  Probe  
  14  0:58  Gateway  
  14  1:03  Probe (Chrono Boost)  
  15  1:08  Assimilator  
  15  1:13  Probe (Chrono Boost)  
  16  1:18  Probe (Chrono Boost)  
  17  1:30  Probe  
  18  1:42  Probe  
  19  1:53  Nexus  
  19  2:03  Cybernetics Core  
  19  2:06  Probe  
  20  2:11  Assimilator  
  20  2:19  Pylon  
  20  2:22  Probe  
  21  2:36  Adept (Chrono Boost)  
  22  2:37  Probe  
  24  2:48  Stargate  
  24  2:49  Probe  
  25  2:57  Warp Gate  
  25  3:01  Probe  
  25  3:02  Adept  
  28  3:07  Probe  
  29  3:13  Probe  
  29  3:19  Probe  
  31  3:25  Probe  
  32  3:29  Oracle (Chrono Boost)  
  32  3:31  Probe  
  36  3:37  Probe  
  36  3:38  Pylon  
  37  3:42  Stalker  
  37  3:43  Probe  
  40  3:49  Probe  
  40  3:54  Gateway  
  41  3:56  Probe  
  41  4:01  Probe  
  43  4:04  Oracle (Chrono Boost), Probe  
  47  4:13  Probe, Pylon  
  47  4:14  Probe  
  49  4:23  Probe  
  50  4:31  Probe  
  50  4:35  Probe  
  52  4:43  Probe  
  52  4:46  Stalker x2  
  52  4:47  Probe  
  52  4:50  Pylon  
  57  4:54  Nexus  
  57  4:55  Probe  
  57  4:58  Pylon  
  58  5:01  Assimilator  
  58  5:08  Stalker, Probe x2  
  58  5:09  Stalker  
  64  5:17  Robotics Facility  
  64  5:20  Probe x2  
  66  5:24  Shield Battery, Stalker  
  66  5:28  Stalker  
  70  5:35  Probe  
  70  5:37  Pylon  
  70  5:38  Assimilator  
  70  5:40  Probe  
  70  5:42  Stalker  
  73  5:51  Pylon  
  73  5:53  Probe  
  73  5:56  Forge  
  75  6:04  Probe (Chrono Boost)  
  75  6:09  Probe (Chrono Boost)  
  75  6:10  Stalker  
  75  6:11  Probe (Chrono Boost)  
  79  6:16  Probe (Chrono Boost)  
  80  6:19  Robotics Bay  
  80  6:20  Twilight Council  
  80  6:21  Probe (Chrono Boost)  
  80  6:23  Zealot  
  80  6:25  Probe x2 (Chrono Boost)  
  85  6:27  Probe (Chrono Boost)  
  86  6:32  Protoss Ground Weapons Level 1 (Chrono Boost)  
  86  6:33  Probe x2  
  86  6:38  Probe, Immortal (Chrono Boost)  
  89  6:42  Sentry  
  89  6:44  Pylon  
  95  6:48  Gateway  
  95  6:50  Pylon  
  95  6:51  Sentry  
  95  6:52  Probe x2  
  99  6:55  Shield Battery  
  99  6:59  Probe, Pylon  
  100  7:04  Probe  
  101  7:08  Assimilator  
  101  7:14  Disruptor (Chrono Boost)  
  107  7:17  Probe  
  107  7:18  Photon Cannon  
  107  7:20  Gateway, Photon Cannon  
  106  7:23  Stalker x2  
  106  7:25  Probe  
  106  7:27  Photon Cannon  
  111  7:30  Pylon  
  111  7:31  Oracle (Chrono Boost)  
  111  7:35  Assimilator  
  114  7:37  Probe  
  114  7:38  Pylon  
  114  7:41  Shield Battery  
  114  7:42  Probe  
  116  7:48  Disruptor (Chrono Boost)  
  116  7:49  Probe  
  116  7:50  Pylon  
  121  7:52  Pylon  
  121  7:53  Sentry  
  121  7:56  Photon Cannon  
  123  8:04  Probe x2  
  125  8:06  Blink (Chrono Boost)  
  125  8:10  Oracle (Chrono Boost)  
  125  8:15  Pylon  
  125  8:16  Zealot x3  
  134  8:20  Disruptor (Chrono Boost)  
  134  8:22  Probe  
  134  8:24  Gateway  
  139  8:30  Protoss Ground Weapons Level 2 (Chrono Boost)  
  139  8:40  Stalker x3  
  145  8:47  Probe  
  144  9:00  Probe  
  145  9:05  Gateway  
  145  9:08  Gateway  
  151  9:11  Pylon  
  151  9:12  Oracle, Gateway  
  151  9:13  Stalker, Pylon  
  150  9:20  Photon Cannon  
  150  9:22  Pylon  
  150  9:29  Probe  
  150  9:30  Probe  
  150  9:37  Stalker x4  
  158  9:40  Gateway  
  158  9:43  Gateway  
  158  9:44  Probe, Immortal (Chrono Boost)  
  158  9:45  Photon Cannon, Pylon  
  158  9:47  Pylon  
  158  9:49  Pylon  
  162  9:59  Sentry, Stalker x3  
  170  10:00  Charge  
  170  10:04  Shield Battery  
  170  10:16  Stalker x2  
  174  10:25  Stalker x4  
  182  10:30  Probe  
  182  10:32  Fleet Beacon, Colossus (Chrono Boost)  
  182  10:35  Pylon  
  183  10:39  Pylon  
  189  10:56  Protoss Ground Weapons Level 3 (Chrono Boost)  
  189  11:00  Probe  
  189  11:02  Nexus  
  189  11:03  Photon Cannon  
  190  11:05  Photon Cannon  
  190  11:06  Zealot x2  
  190  11:07  Photon Cannon  
  190  11:09  Shield Battery  
  178  11:31  Stalker x4  
  178  11:32  Stalker x5  
  186  11:45  Assimilator  
  188  11:50  Warp Prism (Chrono Boost), Mothership (Chrono Boost), Assimilator, Zealot  
  192  11:57  Templar Archives, Zealot x3  
  198  12:02  Zealot  
  200  12:12  Pylon  
  194  12:22  Psionic Storm  
  194  12:23  Immortal (Chrono Boost)  
  194  12:29  Robotics Facility  
  198  12:36  Zealot  
  188  13:15  Zealot x7  
  188  13:30  Zealot x3  
  188  13:31  Immortal (Chrono Boost)  
  192  13:37  High Templar  
  196  13:41  Immortal (Chrono Boost)  
  196  13:42  Photon Cannon  
  196  13:44  Photon Cannon  
  196  13:45  Photon Cannon, High Templar x2  
  200  13:52  Protoss Shields Level 1 (Chrono Boost)  
  200  13:53  Photon Cannon  
  200  13:54  Photon Cannon  
  198  13:55  Photon Cannon  
  198  13:57  Photon Cannon  
  198  13:58  Protoss Air Weapons Level 1  
  198  13:59  Pylon  
  198  14:00  Shield Battery  
  196  14:10  High Templar x2  
  200  14:17  Photon Cannon  
  200  14:24  Pylon  
  194  15:12  Zealot x3  
  198  15:17  Zealot x5  
  196  15:24  Immortal  
  196  15:25  Observer  
  196  15:26  Probe  
  198  15:32  Stargate  
  194  15:36  Probe  
  194  15:38  Zealot x2  
  193  15:44  Nexus, Immortal  
  193  15:48  Pylon  
  183  16:03  Observer  
  167  16:16  High Templar x2  
  167  16:17  High Templar x5  
  167  16:18  High Templar x3  
  177  16:21  Archon  
  177  16:23  Immortal (Chrono Boost)  
  177  16:25  Archon x2  
  185  16:27  Photon Cannon  
  185  16:28  Protoss Shields Level 2 (Chrono Boost)  
  185  16:34  Assimilator  
  185  16:35  Immortal (Chrono Boost)  
  185  16:38  Assimilator  
  185  16:39  Archon  
  185  16:52  Immortal (Chrono Boost)  
  189  17:00  Immortal  
  193  17:05  High Templar  
  193  17:06  Probe  
  188  17:16  Zealot x6  
  194  17:24  Immortal  
  176  17:40  Immortal (Chrono Boost)  
  176  17:41  Zealot x10  
  171  18:02  Immortal (Chrono Boost)  
  111  18:14  Zealot  
  111  18:15  Zealot x9, Tempest (Chrono Boost)  
  143  18:26  Immortal (Chrono Boost), Tempest (Chrono Boost)  
  143  18:27  Probe  
  143  18:28  Probe x2  
  143  18:29  Probe  
  143  18:33  Immortal (Chrono Boost)  
  147  18:36  Nexus  
  147  18:37  Pylon  
  147  18:38  High Templar x4, Assimilator  
  147  18:39  High Templar x2  
  163  18:46  Archon x2  
  163  18:49  Archon  
  162  19:01  Photon Cannon, High Templar x2  
  162  19:02  Photon Cannon  
  170  19:04  Tempest (Chrono Boost), Photon Cannon  
  170  19:06  Pylon  
  170  19:08  Pylon, Immortal (Chrono Boost)  
  170  19:09  Immortal (Chrono Boost)  
  182  19:14  Tempest (Chrono Boost)  
  182  19:16  Archon  
  151  19:33  Zealot x8  
  151  19:35  Immortal  
  151  19:37  Immortal  
  137  20:17  Observer (Chrono Boost)  
  136  20:22  Nexus  
  136  20:24  Observer (Chrono Boost)  
  130  20:42  Archon  
Tags
 
Add a new tag
Caveats
  • Supply blocks, unpowered buildings, or Contaminate may cause inaccurate times.
  • Supply counts are checked every 10 seconds.